[Event "9th RTU Open 2019"]
[Site "Riga"]
[Date "2019.08.05"]
[Round "1.2"]
[White "Raghavi, N.."]
[Black "Hovhannisyan, Robert"]
[Result "0-1"]
[ECO "C84"]
[WhiteElo "2290"]
[BlackElo "2640"]
[Annotator "RC"]
[PlyCount "76"]
[EventDate "2019.08.05"]
[EventType "swiss"]
[EventCountry "LAT"]
[TimeControl "5400+30"]

1. e4 e5 2. Nf3 Nc6 3. Bb5 a6 4. Ba4 Nf6 5. O-O Be7 6. d3 b5 7. Bb3 O-O 8. a4 b4 9. Nbd2 Bc5 10. Nc4 d6 11. h3 Be6 12. c3 bxc3 13. bxc3 Rb8 14. Ba2 Ba7 15. Ng5 Bd7 16. Be3 Bxe3 17. Nxe3 h6 18. Nf3 Na5 19. Nd2 Qe8 20. Bb1 Be6 21. d4 Qc6 22. Ra3 Qb6 23. Nf3 Rfe8 24. Bd3 c5 25. dxe5 dxe5 26. Qe2 c4 27. Bb1 Qc5 28. Ra2 Rb3 29. Qd2 Nb7 30. Bc2 Rd8 31. Qc1 Rxc3 32. Nd1 Rxf3 33. gxf3 Nh5 34. Qa3 Qc6 35. f4 Nxf4 36. Kh2 c3 37. Ra1 Rd2 38. Rc1 Ne2 0-1

[Event "9th RTU Open 2019"]
[Site "Riga"]
[Date "2019.08.05"]
[Round "1.20"]
[White "Krustkalns, Kristaps"]
[Black "Gukesh D"]
[Result "0-1"]
[ECO "B33"]
[WhiteElo "2203"]
[BlackElo "2520"]
[Annotator "RC"]
[PlyCount "62"]
[EventDate "2019.08.05"]
[EventType "swiss"]
[EventCountry "LAT"]
[TimeControl "5400+30"]

1. e4 c5 2. Nf3 Nc6 3. d4 cxd4 4. Nxd4 Nf6 5. Nc3 e5 6. Ndb5 d6 7. Bg5 a6 8. Na3 b5 9. Bxf6 gxf6 10. Nd5 f5 11. Bd3 Be6 12. c3 Bg7 13. Qh5 f4 14. O-O O-O 15. Nc2 f5 16. a4 Bxd5 17. exd5 Ne7 18. axb5 e4 19. Bc4 axb5 20. Bxb5 Rb8 21. c4 Nxd5 22. Ra7 Nc7 23. Nb4 Nxb5 24. cxb5 Rxb5 25. Nc6 Qf6 26. b4 Kh8 27. Qe2 Rb6 28. Ne7 Rxb4 29. Qd2 Qd4 30. Qa2 Rb2 31. Qa5 Qxf2+ 0-1

[Event "9th RTU Open 2019"]
[Site "Riga"]
[Date "2019.08.05"]
[Round "1.26"]
[White "Damen, Jip"]
[Black "Grigorov, Grigor"]
[Result "0-1"]
[ECO "C01"]
[WhiteElo "2179"]
[BlackElo "2501"]
[Annotator "RC"]
[PlyCount "74"]
[EventDate "2019.08.05"]
[EventType "swiss"]
[EventCountry "LAT"]
[TimeControl "5400+30"]

1. e4 e6 2. d4 d5 3. Nc3 Bb4 4. exd5 exd5 5. Bd3 Nc6 6. a3 Bxc3+ 7. bxc3 Nge7 8. Qf3 Be6 9. Nh3 Qd7 10. Ng5 Bf5 11. O-O O-O 12. Re1 h6 13. Bxf5 Qxf5 14. Qxf5 Nxf5 15. Nf3 g5 16. h4 f6 17. Rb1 Nd6 18. Be3 Rae8 19. Nd2 b6 20. hxg5 hxg5 21. f3 Na5 22. Bf2 Nac4 23. Nxc4 Nxc4 24. a4 Rxe1+ 25. Rxe1 Nb2 26. Ra1 a5 27. Bg3 Rf7 28. f4 Kg7 29. Kf2 Kg6 30. Kf3 Nc4 31. Rd1 g4+ 32. Kf2 Re7 33. Rh1 Nd2 34. Rh4 f5 35. Kg1 Re3 36. Bf2 Rxc3 37. Rh8 Rxc2 0-1

[Event "9th RTU Open 2019"]
[Site "Riga"]
[Date "2019.08.05"]
[Round "1.33"]
[White "Zanan, Evgeny"]
[Black "Wartiovaara, Oliver"]
[Result "1-0"]
[ECO "A45"]
[WhiteElo "2505"]
[BlackElo "2170"]
[Annotator "ChessBase"]
[PlyCount "47"]
[EventDate "2019.08.05"]
[EventType "swiss"]
[EventCountry "LAT"]
[SourceTitle "playchess.com"]
[Source "ChessBase"]
[SourceQuality "1"]
[TimeControl "5400+30"]

1. d4 Nf6 2. Bf4 g6 3. Nc3 d5 4. e3 Bg7 5. Nb5 Na6 6. h3 c6 7. Nc3 Nc7 8. Nf3 O-O 9. Be2 Re8 10. O-O Ne4 11. Nxe4 dxe4 12. Ne5 f6 13. Nc4 b5 14. Nd2 f5 15. c4 e5 16. dxe5 Bxe5 17. Bxe5 Rxe5 18. Nb3 Qf6 19. cxb5 cxb5 20. Rc1 Nd5 21. Qd4 f4 22. Rc5 Qg5 23. h4 Qf6 24. Rxd5 1-0

[Event "9th RTU Open 2019"]
[Site "Riga"]
[Date "2019.08.06"]
[Round "2.1"]
[White "Hedman, Erik"]
[Black "Kovalenko, Igor"]
[Result "0-1"]
[ECO "E73"]
[WhiteElo "2373"]
[BlackElo "2654"]
[Annotator "ChessBase"]
[PlyCount "68"]
[EventDate "2019.08.05"]
[EventType "swiss"]
[EventCountry "LAT"]
[SourceTitle "playchess.com"]
[Source "ChessBase"]
[SourceQuality "1"]
[TimeControl "5400+30"]

1. d4 Nf6 2. c4 g6 3. Nc3 Bg7 4. e4 d6 5. Be2 O-O 6. Bg5 h6 7. Be3 e5 8. d5 Na6 9. Qd2 Kh7 10. f3 Bd7 11. g4 c6 12. h4 cxd5 13. cxd5 h5 14. g5 Ne8 15. Bxa6 bxa6 16. Nge2 Nc7 17. Nd1 f6 18. O-O Qb8 19. b3 fxg5 20. hxg5 Rf7 21. Kg2 Qb7 22. Rc1 Raf8 23. a4 Ne8 24. Rc3 Qb4 25. Qc2 Qb8 26. Nb2 Qd8 27. Nd3 Bh3+ 28. Kxh3 Rxf3+ 29. Rxf3 Rxf3+ 30. Kh2 Rxe3 31. Rc8 Qxg5 32. Rxe8 Qg4 33. Ng1 Qh4+ 34. Kg2 Qxe4+ 0-1

[Event "9th RTU Open 2019"]
[Site "Riga"]
[Date "2019.08.06"]
[Round "2.2"]
[White "Hovhannisyan, Robert"]
[Black "Ioannidis, Evgenios"]
[Result "1/2-1/2"]
[ECO "C72"]
[WhiteElo "2640"]
[BlackElo "2367"]
[Annotator "ChessBase"]
[PlyCount "135"]
[EventDate "2019.08.05"]
[EventType "swiss"]
[EventCountry "LAT"]
[SourceTitle "playchess.com"]
[Source "ChessBase"]
[SourceQuality "1"]
[TimeControl "5400+30"]

1. e4 e5 2. Nf3 Nc6 3. Bb5 a6 4. Ba4 d6 5. O-O Bd7 6. Bxc6 bxc6 7. d4 exd4 8. Qxd4 c5 9. Qd3 Ne7 10. Nc3 Ng6 11. Nd5 Be7 12. Bd2 O-O 13. Ba5 Ra7 14. a3 Bf6 15. Rab1 Re8 16. Rfe1 Ne5 17. Nxf6+ Qxf6 18. Nxe5 Qxe5 19. Bc3 Bb5 20. Qd2 Qh5 21. Re3 Re6 22. a4 Bxa4 23. Rh3 Qg6 24. Rg3 Qh6 25. Rxg7+ Kf8 26. Rg5 Rg6 27. f4 Rxg5 28. fxg5 Qg6 29. Re1 Ra8 30. Bf6 Re8 31. b3 Bc6 32. e5 Kg8 33. Qf2 Re6 34. Re2 Bb5 35. Qf3 dxe5 36. Rd2 e4 37. Qe3 Qf5 38. c4 Bc6 39. h3 Rd6 40. Rxd6 cxd6 41. Qg3 Qe6 42. Qh4 Qf5 43. Qg3 Qe6 44. Qe3 d5 45. cxd5 Qxd5 46. Qf4 Qe6 47. Be5 a5 48. Kh2 e3 49. Qxe3 Qd5 50. Qg3 Kf8 51. Bf6 Ke8 52. Qg4 Qe6 53. Qd1 Qd5 54. Qg4 Qe6 55. Qg3 Kd7 56. Be5 c4 57. bxc4 Qxc4 58. Bb2 a4 59. Ba3 Qd5 60. Qg4+ Qe6 61. Qd1+ Qd5 62. Qe2 Qe4 63. Qd1+ Qd5 64. Qf1 Qe5+ 65. Kh1 Ke8 66. Qc1 Qd5 67. Qb2 Qxg5 68. Qe2+ 1/2-1/2

[Event "9th RTU Open 2019"]
[Site "Riga"]
[Date "2019.08.06"]
[Round "2.3"]
[White "Miedema, David"]
[Black "Abasov, Nijat"]
[Result "0-1"]
[ECO "C06"]
[WhiteElo "2371"]
[BlackElo "2641"]
[Annotator "ChessBase"]
[PlyCount "54"]
[EventDate "2019.08.05"]
[EventType "swiss"]
[EventCountry "LAT"]
[SourceTitle "playchess.com"]
[Source "ChessBase"]
[SourceQuality "1"]
[TimeControl "5400+30"]

1. e4 e6 2. d4 d5 3. Nd2 Nf6 4. e5 Nfd7 5. Bd3 c5 6. c3 Nc6 7. Ngf3 f6 8. Ng5 Ndxe5 9. dxe5 fxg5 10. Qh5+ Kd7 11. Nf3 Qe8 12. Qxg5 Kc7 13. h4 Bd7 14. h5 Rc8 15. Qg3 Ne7 16. Be3 Kb8 17. Qf4 d4 18. cxd4 Nd5 19. Qg4 Bb5 20. Rd1 c4 21. Be4 c3 22. Bxd5 exd5 23. bxc3 Rxc3 24. Rc1 Rxc1+ 25. Bxc1 Qc6 26. Bd2 Bb4 27. Kd1 Bd3 0-1

[Event "9th RTU Open 2019"]
[Site "Riga"]
[Date "2019.08.06"]
[Round "2.4"]
[White "Suleymenov, Alisher"]
[Black "Bauer, Christian"]
[Result "0-1"]
[ECO "C02"]
[WhiteElo "2368"]
[BlackElo "2646"]
[Annotator "ChessBase"]
[PlyCount "80"]
[EventDate "2019.08.05"]
[EventType "swiss"]
[EventCountry "LAT"]
[SourceTitle "playchess.com"]
[Source "ChessBase"]
[SourceQuality "1"]
[TimeControl "5400+30"]

1. d4 a6 2. e4 e6 3. Nf3 d5 4. e5 Bd7 5. c4 dxc4 6. Bxc4 Bc6 7. O-O Ne7 8. Nc3 h6 9. Be3 Nd7 10. d5 exd5 11. Nxd5 Nxd5 12. Bxd5 Bxd5 13. Qxd5 Nc5 14. Qc4 Qd3 15. Qc1 Ne6 16. Rd1 Qe4 17. Qc3 Be7 18. Nd2 Qg6 19. Qb3 O-O-O 20. Nc4 Qe4 21. Na5 Rxd1+ 22. Rxd1 Rd8 23. Rc1 Bg5 24. Nc4 Nd4 25. Qd1 Kb8 26. h3 Bxe3 27. fxe3 Nc6 28. Qc2 Qxc2 29. Rxc2 b5 30. Na3 Rd1+ 31. Kf2 Nxe5 32. Ke2 Rg1 33. Kf2 Ra1 34. b3 Nd3+ 35. Kg3 Nb4 36. Rc5 Kc8 37. Rf5 Rxa2 38. Nb1 Rb2 39. Nc3 Rxb3 40. Ne4 f6 0-1

[Event "9th RTU Open 2019"]
[Site "Riga"]
[Date "2019.08.06"]
[Round "2.5"]
[White "Larkin, Vladyslav"]
[Black "Gajewski, Grzegorz"]
[Result "0-1"]
[ECO "A48"]
[WhiteElo "2366"]
[BlackElo "2613"]
[Annotator "ChessBase"]
[PlyCount "138"]
[EventDate "2019.08.05"]
[EventType "swiss"]
[EventCountry "LAT"]
[SourceTitle "playchess.com"]
[Source "ChessBase"]
[SourceQuality "1"]
[TimeControl "5400+30"]

1. d4 Nf6 2. Nf3 g6 3. Bf4 Bg7 4. h3 O-O 5. c3 d6 6. Nbd2 Nc6 7. Bh2 Nd7 8. e4 e5 9. dxe5 Ndxe5 10. Nxe5 dxe5 11. Bc4 Qe7 12. O-O Rd8 13. Qe2 Bxh3 14. gxh3 Qg5+ 15. Qg4 Qxg4+ 16. hxg4 Rxd2 17. Rad1 Rad8 18. Bd5 Rxd1 19. Rxd1 Rd7 20. Rd3 Kf8 21. Rf3 Nd8 22. b4 c6 23. Bb3 Ke7 24. Kf1 Ne6 25. Ke2 Ng5 26. Re3 Bf6 27. Bg3 Rd8 28. Bh4 Ne6 29. Bxf6+ Kxf6 30. Bxe6 Kxe6 31. Rh3 Rh8 32. g5 f6 33. gxf6 Kxf6 34. Rf3+ Ke6 35. Rg3 Rg8 36. Ke3 h5 37. Rg5 Kf6 38. Rg1 g5 39. Rh1 h4 40. Rd1 g4 41. Rd6+ Ke7 42. Rh6 g3 43. fxg3 hxg3 44. Rh1 g2 45. Rg1 Rg3+ 46. Kf2 Rxc3 47. Kxg2 Rc4 48. a3 Rxe4 49. Kf3 Rf4+ 50. Ke3 a5 51. bxa5 Ra4 52. Rg7+ Kd6 53. Rxb7 Rxa3+ 54. Ke4 Rxa5 55. Rb8 Ra4+ 56. Ke3 c5 57. Rd8+ Kc6 58. Rc8+ Kd5 59. Rd8+ Kc4 60. Ke4 Kc3+ 61. Kxe5 Rh4 62. Rg8 c4 63. Kd5 Kb3 64. Rb8+ Kc2 65. Rb4 Kd3 66. Ke5 Rh5+ 67. Kf4 c3 68. Rb8 c2 69. Rc8 Rh4+ 0-1

[Event "9th RTU Open 2019"]
[Site "Riga"]
[Date "2019.08.06"]
[Round "2.6"]
[White "Svane, Rasmus"]
[Black "Zhalmakhanov, Ramazan"]
[Result "1-0"]
[ECO "A07"]
[WhiteElo "2610"]
[BlackElo "2366"]
[Annotator "ChessBase"]
[PlyCount "79"]
[EventDate "2019.08.05"]
[EventType "swiss"]
[EventCountry "LAT"]
[SourceTitle "playchess.com"]
[Source "ChessBase"]
[SourceQuality "1"]
[TimeControl "5400+30"]

1. Nf3 Nf6 2. g3 d5 3. Bg2 Bf5 4. O-O e6 5. c4 Nbd7 6. Nc3 c6 7. cxd5 cxd5 8. Qb3 Qb6 9. Qxb6 axb6 10. Nb5 Rc8 11. d3 e5 12. Bg5 Be7 13. Rac1 O-O 14. Bxf6 gxf6 15. Nc7 Be6 16. Nd2 Bb4 17. Nb3 Nc5 18. Nxd5 Nxb3 19. axb3 Bc5 20. b4 Bxd5 21. Bxd5 Bxb4 22. Bxb7 Rc5 23. Rc4 Rxc4 24. dxc4 Rd8 25. Bd5 f5 26. Ra1 Rd7 27. Ra6 Bc5 28. b4 Bxb4 29. Rxb6 Be7 30. Kg2 Kg7 31. Kf3 Ra7 32. e3 h5 33. Rb5 Ra2 34. c5 Rc2 35. c6 e4+ 36. Kg2 h4 37. Rb7 Kf6 38. gxh4 Bd6 39. h5 Ke5 40. h6 1-0

[Event "9th RTU Open 2019"]
[Site "Riga"]
[Date "2019.08.06"]
[Round "2.7"]
[White "Baum, Jonasz"]
[Black "Smirin, Ilia"]
[Result "1-0"]
[ECO "E62"]
[WhiteElo "2358"]
[BlackElo "2605"]
[Annotator "ChessBase"]
[PlyCount "95"]
[EventDate "2019.08.05"]
[EventType "swiss"]
[EventCountry "LAT"]
[SourceTitle "playchess.com"]
[Source "ChessBase"]
[SourceQuality "1"]
[TimeControl "5400+30"]

1. d4 Nf6 2. c4 g6 3. Nf3 Bg7 4. g3 O-O 5. Bg2 d6 6. O-O Nc6 7. Nc3 Bf5 8. Ne1 a6 9. e4 Bg4 10. f3 Bd7 11. Be3 e5 12. d5 Nd4 13. Nc2 Nxc2 14. Qxc2 Nh5 15. c5 f5 16. exf5 gxf5 17. Bf2 e4 18. fxe4 f4 19. gxf4 Nxf4 20. Bg3 Qg5 21. Ne2 Nxe2+ 22. Qxe2 Rxf1+ 23. Qxf1 Bxb2 24. Rb1 Bd4+ 25. Kh1 Rf8 26. Qe1 Bxc5 27. Rxb7 Bb6 28. e5 dxe5 29. d6 Bd4 30. dxc7 Bc8 31. Rb8 Qe7 32. Qc1 Kg7 33. h3 h6 34. Kh2 Qe6 35. Qc6 Qe7 36. Qe4 h5 37. Qh4 Qe6 38. Qg5+ Kf7 39. Qxh5+ Ke7 40. Qh7+ Kd6 41. Qe4 Qc4 42. Rb6+ Kd7 43. Rc6 Qf7 44. Rc1 Rg8 45. Qc6+ Ke7 46. Bh4+ Kf8 47. Rf1 Rxg2+ 48. Qxg2 1-0

[Event "9th RTU Open 2019"]
[Site "Riga"]
[Date "2019.08.06"]
[Round "2.8"]
[White "Gopal G.N."]
[Black "Saveliev, Alexei"]
[Result "1-0"]
[ECO "C10"]
[WhiteElo "2594"]
[BlackElo "2355"]
[Annotator "ChessBase"]
[PlyCount "95"]
[EventDate "2019.08.05"]
[EventType "swiss"]
[EventCountry "LAT"]
[SourceTitle "playchess.com"]
[Source "ChessBase"]
[SourceQuality "1"]
[TimeControl "5400+30"]

1. e4 e6 2. d4 d5 3. Nd2 dxe4 4. Nxe4 Nd7 5. Nf3 Ngf6 6. Nxf6+ Nxf6 7. Be3 Bd6 8. Bd3 b6 9. Qe2 Bb7 10. Bg5 h6 11. Bh4 Qe7 12. O-O-O O-O-O 13. Ba6 g5 14. Bg3 Nd5 15. Ne5 Bxe5 16. Bxe5 f6 17. Bg3 Qd7 18. Rhe1 Rhe8 19. Bc4 Kb8 20. f3 a5 21. a3 f5 22. Be5 f4 23. Bxd5 exd5 24. h4 Ka7 25. Qd2 Ba6 26. hxg5 hxg5 27. Rh1 c5 28. Rh5 Qf5 29. g4 fxg3 30. Rxg5 Qxf3 31. Rxg3 Qf5 32. Rg5 Qc8 33. dxc5 Qxc5 34. Bd4 Qc6 35. Qxa5 Rd7 36. Qc3 Qh6 37. Rdg1 Rde7 38. Kb1 Re1+ 39. Ka2 Rxg1 40. Rxg1 Qd6 41. Kb1 Re7 42. a4 Kb7 43. b3 Rc7 44. Qd2 b5 45. axb5 Bxb5 46. Kb2 Bd7 47. Qa5 Bf5 48. Qb5+ 1-0

[Event "9th RTU Open 2019"]
[Site "Riga"]
[Date "2019.08.06"]
[Round "2.9"]
[White "Narva, Mai"]
[Black "Dastan, Muhammed Batuhan"]
[Result "0-1"]
[ECO "B51"]
[WhiteElo "2358"]
[BlackElo "2565"]
[Annotator "ChessBase"]
[PlyCount "80"]
[EventDate "2019.08.05"]
[EventType "swiss"]
[EventCountry "LAT"]
[SourceTitle "playchess.com"]
[Source "ChessBase"]
[SourceQuality "1"]
[TimeControl "5400+30"]

1. e4 c5 2. Nf3 d6 3. Bb5+ Nd7 4. d4 Ngf6 5. Nc3 cxd4 6. Qxd4 e5 7. Qd3 h6 8. O-O Be7 9. Bxd7+ Bxd7 10. Nd2 Be6 11. Nc4 Rc8 12. Ne3 Qc7 13. Rd1 O-O 14. a4 Qc5 15. a5 a6 16. Bd2 Qd4 17. Be1 Qxd3 18. Rxd3 g6 19. f3 Nd7 20. b4 f5 21. Ned5 Bd8 22. Bd2 g5 23. Kh1 Rc6 24. Rd1 Bxd5 25. Rxd5 Nf6 26. Rd3 fxe4 27. Nxe4 Nxe4 28. fxe4 Be7 29. c3 Rc4 30. Re1 Rxe4 31. Be3 Kf7 32. h3 Ke6 33. Red1 h5 34. Bb6 Rc4 35. Re1 Rfc8 36. Ree3 g4 37. hxg4 hxg4 38. Kg1 Bg5 39. Rg3 Bf4 40. Rxg4 Bh2+ 0-1

[Event "9th RTU Open 2019"]
[Site "Riga"]
[Date "2019.08.06"]
[Round "2.10"]
[White "Wagner, Dennis"]
[Black "Lazavik, Denis"]
[Result "1/2-1/2"]
[ECO "C90"]
[WhiteElo "2579"]
[BlackElo "2347"]
[Annotator "ChessBase"]
[PlyCount "104"]
[EventDate "2019.08.05"]
[EventType "swiss"]
[EventCountry "LAT"]
[SourceTitle "playchess.com"]
[Source "ChessBase"]
[SourceQuality "1"]
[TimeControl "5400+30"]

1. e4 e5 2. Nf3 Nc6 3. Bb5 a6 4. Ba4 Nf6 5. O-O Be7 6. Re1 b5 7. Bb3 d6 8. a4 Bg4 9. c3 O-O 10. h3 Bxf3 11. Qxf3 Na5 12. Bc2 c5 13. axb5 axb5 14. d3 b4 15. Nd2 Nd7 16. Nf1 Bg5 17. Ne3 Bxe3 18. Bxe3 bxc3 19. bxc3 Qc7 20. Ra2 Nc6 21. Rxa8 Rxa8 22. Bb3 Nb6 23. Rb1 Nd8 24. Qd1 Rb8 25. Ba2 Qa7 26. Rb2 Ra8 27. Bb3 Qc7 28. Ra2 Rxa2 29. Bxa2 Nd7 30. Qa4 h6 31. f4 exf4 32. Bxf4 Ne6 33. Bg3 Kh7 34. Qa6 Nb6 35. Kh2 Nd8 36. Qb5 Nd7 37. d4 cxd4 38. cxd4 Nf6 39. Bb1 Kg8 40. Qa6 Ne8 41. Qa8 Kf8 42. Bd3 Ne6 43. Bb5 Qd8 44. Qa4 Nf6 45. Bc6 Nh5 46. Bf2 Nf6 47. Qb4 Kg8 48. d5 Ng5 49. e5 Nfe4 50. Bh4 Nf3+ 51. gxf3 Qxh4 52. Qxe4 Qf2+ 1/2-1/2

[Event "9th RTU Open 2019"]
[Site "Riga"]
[Date "2019.08.06"]
[Round "2.11"]
[White "Kramer, Julian"]
[Black "Lalith Babu M R"]
[Result "1-0"]
[ECO "C54"]
[WhiteElo "2352"]
[BlackElo "2580"]
[Annotator "ChessBase"]
[PlyCount "115"]
[EventDate "2019.08.05"]
[EventType "swiss"]
[EventCountry "LAT"]
[SourceTitle "playchess.com"]
[Source "ChessBase"]
[SourceQuality "1"]
[TimeControl "5400+30"]

1. e4 e5 2. Nf3 Nc6 3. Bc4 Bc5 4. O-O Nf6 5. d3 a6 6. c3 d6 7. a4 Ba7 8. Nbd2 O-O 9. h3 Be6 10. Re1 Nh5 11. Nf1 Bxc4 12. dxc4 Qf6 13. Be3 Nf4 14. Bxa7 Rxa7 15. Kh2 Ne7 16. g3 Ne6 17. a5 g6 18. Ne3 Qg7 19. Kg2 f5 20. Nd5 Raa8 21. b4 Kh8 22. Ra2 fxe4 23. Nd2 Nxd5 24. cxd5 Ng5 25. Nxe4 Nxe4 26. Rxe4 Rf5 27. Rae2 Raf8 28. c4 Qd7 29. h4 g5 30. Qc2 gxh4 31. Rxh4 Qf7 32. Kg1 Qg7 33. Qe4 Qg5 34. Rc2 h5 35. c5 R8f7 36. c6 bxc6 37. dxc6 Rf4 38. Rxf4 exf4 39. Rc3 h4 40. Rf3 hxg3 41. fxg3 Re7 42. Qxf4 Re1+ 43. Kf2 Qxf4 44. gxf4 Rb1 45. Re3 Rxb4 46. Kf3 Rb5 47. Re7 Rxa5 48. Rxc7 Rc5 49. Kg4 Kg8 50. f5 Kf8 51. Kg5 Ke8 52. Kg6 Kd8 53. Rd7+ Kc8 54. Rxd6 Kc7 55. Re6 Rc1 56. f6 Rg1+ 57. Kh7 Rf1 58. Kg7 1-0

[Event "9th RTU Open 2019"]
[Site "Riga"]
[Date "2019.08.06"]
[Round "2.12"]
[White "Michalik 	, Peter"]
[Black "Kruglyakov, Pavlo"]
[Result "1-0"]
[ECO "B52"]
[WhiteElo "2573"]
[BlackElo "2347"]
[Annotator "ChessBase"]
[PlyCount "89"]
[EventDate "2019.08.05"]
[EventType "swiss"]
[EventCountry "LAT"]
[SourceTitle "playchess.com"]
[Source "ChessBase"]
[SourceQuality "1"]
[TimeControl "5400+30"]

1. e4 c5 2. Nf3 d6 3. Bb5+ Bd7 4. Bxd7+ Qxd7 5. c4 Nf6 6. Nc3 Nc6 7. d4 cxd4 8. Nxd4 Qg4 9. Qxg4 Nxg4 10. Nxc6 bxc6 11. b3 g6 12. Bb2 Bg7 13. h3 Nf6 14. O-O-O O-O 15. Rhe1 Nd7 16. Na4 a5 17. Bxg7 Kxg7 18. e5 Nc5 19. exd6 exd6 20. Rxd6 Nxa4 21. bxa4 Rfe8 22. Rxe8 Rxe8 23. Kd2 Re6 24. Rd7 Re4 25. Kd3 Re1 26. Ra7 Ra1 27. Rxa5 Rxa2 28. Ke3 Kf6 29. Ra7 h5 30. a5 Ke6 31. a6 Ra3+ 32. Kd4 Ra5 33. Ra8 h4 34. a7 Kf5 35. g3 hxg3 36. fxg3 g5 37. h4 gxh4 38. gxh4 Kf6 39. h5 Kg7 40. h6+ Kh7 41. Ke4 f6 42. Kf4 f5 43. Kg5 Ra4 44. Kxf5 Ra5+ 45. Ke4 1-0

[Event "9th RTU Open 2019"]
[Site "Riga"]
[Date "2019.08.06"]
[Round "2.13"]
[White "Puranik, Abhimanyu"]
[Black "Runets, Ivan"]
[Result "1-0"]
[ECO "B80"]
[WhiteElo "2550"]
[BlackElo "2329"]
[Annotator "ChessBase"]
[PlyCount "97"]
[EventDate "2019.08.05"]
[EventType "swiss"]
[EventCountry "LAT"]
[SourceTitle "playchess.com"]
[Source "ChessBase"]
[SourceQuality "1"]
[TimeControl "5400+30"]

1. e4 c5 2. Nf3 Nc6 3. d4 cxd4 4. Nxd4 e6 5. Nc3 d6 6. Nxc6 bxc6 7. Bd3 Nf6 8. O-O d5 9. Qe2 Be7 10. b3 O-O 11. Bb2 Nd7 12. Na4 Nb6 13. Nxb6 axb6 14. a4 f5 15. exf5 exf5 16. f4 Bf6 17. Bxf6 Qxf6 18. Qf2 c5 19. Rae1 Be6 20. Bb5 Bf7 21. Re5 Rfd8 22. Rfe1 Ra7 23. h3 g6 24. h4 Kg7 25. h5 Rd6 26. Qg3 Re6 27. Rxe6 Bxe6 28. Re5 Bf7 29. c3 Re7 30. h6+ Kf8 31. b4 Qd6 32. Rxf5 cxb4 33. cxb4 Qxb4 34. Re5 Rxe5 35. fxe5 Qd2 36. Qf2 Qc1+ 37. Bf1 Qc6 38. Qh4 Qc5+ 39. Kh2 Qe7 40. Qf4 g5 41. Qe3 Bg6 42. Kh1 Be4 43. Qg3 Kf7 44. Qf2+ Ke6 45. Qxb6+ Kxe5 46. a5 d4 47. a6 Qf8 48. Bc4 Qf2 49. Qc7+ {[%emt 0:00:18] Kd5} 1-0

[Event "9th RTU Open 2019"]
[Site "Riga"]
[Date "2019.08.06"]
[Round "2.14"]
[White "Rudolf, Michal"]
[Black "Theodorou, Nikolas"]
[Result "1/2-1/2"]
[ECO "C55"]
[WhiteElo "2347"]
[BlackElo "2548"]
[Annotator "ChessBase"]
[PlyCount "87"]
[EventDate "2019.08.05"]
[EventType "swiss"]
[EventCountry "LAT"]
[SourceTitle "playchess.com"]
[Source "ChessBase"]
[SourceQuality "1"]
[TimeControl "5400+30"]

1. e4 e5 2. Nf3 Nc6 3. Bc4 Nf6 4. d3 h6 5. O-O d6 6. c3 g5 7. Nbd2 Bg7 8. Bb3 O-O 9. Nc4 Be6 10. Re1 g4 11. Nfd2 d5 12. exd5 Nxd5 13. Ne4 b6 14. Ng3 Qh4 15. Ne3 Nxe3 16. Bxe3 Rae8 17. Ba4 Bd7 18. Bb5 a6 19. Bxa6 f5 20. f4 gxf3 21. Qxf3 Kh7 22. Bb5 Qf6 23. Nh5 Qg6 24. Nxg7 Kxg7 25. Bf2 Kh7 26. d4 Nxd4 27. Bxd4 Bxb5 28. Rxe5 Rxe5 29. Bxe5 f4 30. Re1 Bc6 31. Qf2 Rg8 32. Bxf4 Qxg2+ 33. Qxg2 Rxg2+ 34. Kf1 Rxb2 35. Bxc7 Rxa2 36. Re7+ Kg8 37. Re6 Bb5+ 38. Kg1 Rc2 39. Be5 Re2 40. Rg6+ Kf7 41. Rf6+ Ke7 42. Bd4 Re1+ 43. Kg2 Re6 44. Rxe6+ 1/2-1/2

[Event "9th RTU Open 2019"]
[Site "Riga"]
[Date "2019.08.06"]
[Round "2.15"]
[White "Handke, Florian"]
[Black "Borisovsky, Dmitry"]
[Result "1/2-1/2"]
[ECO "B69"]
[WhiteElo "2544"]
[BlackElo "2326"]
[Annotator "ChessBase"]
[PlyCount "71"]
[EventDate "2019.08.05"]
[EventType "swiss"]
[EventCountry "LAT"]
[SourceTitle "playchess.com"]
[Source "ChessBase"]
[SourceQuality "1"]
[TimeControl "5400+30"]

1. e4 c5 2. Nf3 Nc6 3. d4 cxd4 4. Nxd4 Nf6 5. Nc3 d6 6. Bg5 e6 7. Qd2 a6 8. O-O-O Bd7 9. f4 Be7 10. Nf3 b5 11. Bxf6 gxf6 12. f5 Qa5 13. Kb1 O-O-O 14. g3 Kb8 15. Bh3 Bc8 16. fxe6 fxe6 17. Ne2 Qxd2 18. Rxd2 Ne5 19. Nfd4 Bb7 20. Bxe6 Bxe4 21. Re1 d5 22. Nc3 Bc5 23. Nb3 Nf3 24. Rdd1 Nxe1 25. Rxe1 Bb6 26. Rf1 Rd6 27. Bg4 Re8 28. a4 d4 29. Nxe4 Rxe4 30. Bf5 Re7 31. axb5 axb5 32. Bd3 Rde6 33. Nd2 Re1+ 34. Rxe1 Rxe1+ 35. Ka2 Re5 36. Nf3 1/2-1/2

[Event "9th RTU Open 2019"]
[Site "Riga"]
[Date "2019.08.06"]
[Round "2.16"]
[White "Sinz, Bernhard"]
[Black "Meshkovs, Nikita"]
[Result "0-1"]
[ECO "A45"]
[WhiteElo "2343"]
[BlackElo "2541"]
[Annotator "ChessBase"]
[PlyCount "84"]
[EventDate "2019.08.05"]
[EventType "swiss"]
[EventCountry "LAT"]
[SourceTitle "playchess.com"]
[Source "ChessBase"]
[SourceQuality "1"]
[TimeControl "5400+30"]

1. d4 Nf6 2. Bg5 g6 3. Bxf6 exf6 4. g3 d5 5. Bg2 c6 6. e3 Bd6 7. Ne2 h5 8. h4 Bg4 9. Nd2 Nd7 10. c4 dxc4 11. Nxc4 Bb4+ 12. Kf1 Nb6 13. Qd3 Nxc4 14. Qxc4 Bd6 15. Be4 Rc8 16. Qc2 Qe7 17. Nc3 O-O 18. Kg2 Rfe8 19. Bf3 Bxf3+ 20. Kxf3 c5 21. Rhe1 b5 22. Qd3 c4 23. Qc2 b4 24. Nd5 Qe6 25. e4 f5 26. Kg2 Kg7 27. f3 fxe4 28. fxe4 f5 29. a3 fxe4 30. Ne3 bxa3 31. bxa3 Rf8 32. Nf1 Rce8 33. Re3 Rf6 34. Rc1 Ref8 35. Re2 Rf3 36. Rce1 Bxg3 37. Rxe4 Rf2+ 38. Qxf2 Rxf2+ 39. Kxg3 Qf5 40. Nh2 c3 41. d5 c2 42. Rc4 Rxh2 0-1

[Event "9th RTU Open 2019"]
[Site "Riga"]
[Date "2019.08.06"]
[Round "2.17"]
[White "Deepan Chakkravarthy J."]
[Black "Rakshitta Ravi"]
[Result "1-0"]
[ECO "A03"]
[WhiteElo "2532"]
[BlackElo "2322"]
[Annotator "ChessBase"]
[PlyCount "97"]
[EventDate "2019.08.05"]
[EventType "swiss"]
[EventCountry "LAT"]
[SourceTitle "playchess.com"]
[Source "ChessBase"]
[SourceQuality "1"]
[TimeControl "5400+30"]

1. b3 Nf6 2. Bb2 e6 3. e3 d5 4. f4 c5 5. Nf3 Nc6 6. Bb5 a6 7. Bxc6+ bxc6 8. O-O Be7 9. d3 a5 10. a4 Ba6 11. Nbd2 c4 12. bxc4 dxc4 13. Nxc4 Bxc4 14. dxc4 O-O 15. Ne5 Qc7 16. Qf3 Rac8 17. Rfd1 Rfd8 18. Bc3 Ne8 19. Rxd8 Bxd8 20. Rd1 Qb6 21. h3 Bf6 22. Kh2 Bxe5 23. Bxe5 f6 24. Bc3 Qc5 25. Rd7 Qxc4 26. Qh5 e5 27. fxe5 Qe6 28. Ra7 f5 29. Qh4 Qg6 30. Qe7 h6 31. e6 Kh7 32. Be5 Qg5 33. Qxg5 hxg5 34. Rxa5 c5 35. Ra6 Kg6 36. a5 Nf6 37. Bxf6 Kxf6 38. Rb6 Rd8 39. a6 Rd1 40. a7 Ra1 41. Rb7 Kxe6 42. Rxg7 Ke5 43. Kg3 Ra3 44. Kf2 Ra2 45. Ke1 Ke4 46. Kd2 Ra3 47. Re7+ Kd5 48. g3 Kc4 49. h4 1-0